Map: Acropolis LE

Players

HateMe

  • Race: Zerg Zerg
  • Spawn Location: 5:00

BluE - Winner!

  • Race: Protoss Protoss
  • Spawn Location: 11:00

Event: 2019 WCS Summer

VOD

Have the link to the VOD?

Description

Time

  • Played on: July 12, 2019, 6:14 a.m.
  • Length: 9:06

All games in this series

Show
View Real Time Build Order
Export as new Build Order

HateMe Zerg 

Build Orders: Hatch First 

Get SALT Encoding   

  12  0:00  Drone  
  13  0:12  Overlord  
  13  0:17  Drone  
  14  0:31  Drone x2  
  16  0:48  Hatchery  
  15  0:51  Drone  
  15  0:55  Drone  
  17  0:59  Drone  
  18  1:09  Extractor  
  17  1:14  Spawning Pool  
  17  1:17  Drone  
  17  1:20  Drone  
  18  1:28  Drone  
  19  1:40  Drone  
  20  1:51  Overlord  
  20  2:01  Queen x2  
  20  2:02  Zergling x4  
  26  2:10  Drone  
  26  2:12  Drone  
  26  2:13  Metabolic Boost  
  28  2:22  Drone x2  
  30  2:35  Hatchery  
  29  2:37  Drone  
  29  2:40  Drone  
  29  2:43  Drone  
  32  2:46  Overlord  
  32  2:55  Drone x2  
  32  2:57  Queen  
  36  3:07  Drone x2  
  36  3:12  Overlord  
  38  3:13  Drone  
  38  3:14  Drone  
  38  3:16  Drone x2  
  38  3:18  Drone  
  42  3:23  Drone  
  43  3:33  Drone  
  43  3:34  Drone  
  44  3:37  Queen  
  46  3:43  Drone x3, Overlord  
  49  3:56  Overlord  
  49  4:00  Queen  
  49  4:01  Evolution Chamber  
  49  4:02  Overlord  
  50  4:03  Drone x4  
  50  4:04  Extractor  
  53  4:10  Overlord  
  53  4:11  Spore Crawler  
  53  4:12  Spore Crawler  
  53  4:13  Drone x4  
  55  4:20  Queen, Spore Crawler  
  55  4:23  Zergling x4  
  58  4:34  Zerg Missile Weapons Level 1  
  58  4:35  Lair  
  58  4:37  Drone  
  59  4:38  Roach Warren  
  59  4:45  Overlord  
  58  4:46  Drone x4  
  58  4:47  Drone  
  58  4:52  Drone x3  
  66  4:54  Overlord  
  66  5:05  Overlord  
  66  5:10  Drone x3, Extractor  
  66  5:11  Overlord x2  
  66  5:12  Drone, Extractor  
  68  5:20  Overlord  
  68  5:21  Roach x3  
  74  5:24  Roach  
  76  5:31  Roach x4  
  76  5:34  Overseer  
  84  5:47  Overlord, Spire  
  83  5:51  Roach x2  
  83  5:52  Overlord x2  
  87  6:00  Roach x3  
  87  6:04  Overseer  
  93  6:08  Drone x6  
  99  6:12  Drone  
  99  6:17  Drone x4  
  101  6:31  Extractor, Overlord x2  
  101  6:32  Glial Reconstitution  
  100  6:33  Extractor  
  100  6:34  Drone x3, Zerg Melee Weapons Level 1  
  102  6:47  Drone x4  
  102  6:49  Overlord x2  
  102  6:54  Baneling Nest  
  105  6:58  Hatchery  
  104  7:03  Mutalisk x4  
  104  7:07  Overlord  
  112  7:09  Drone x3  
  115  7:16  Mutalisk  
  115  7:17  Overlord  
  115  7:20  Drone x2  
  119  7:23  Roach x3  
  119  7:26  Zergling x4  
  127  7:42  Zergling x16  
  135  7:48  Roach x2  
  128  7:53  Roach x2  
  128  7:54  Ravager x3  
  128  7:55  Ravager x2  
  133  7:58  Roach  
  133  8:02  Ravager x2  
  133  8:03  Roach x2  
  141  8:06  Roach x3  
  141  8:09  Baneling x4  
  131  8:23  Baneling x5  
  131  8:24  Zergling x20  
  133  8:27  Roach  
  130  8:34  Roach x6  
  131  8:42  Roach x5  
  131  8:46  Zergling x6  
Show
View Real Time Build Order
Export as new Build Order

BluE Protoss - Winner!

Build Orders: 1 Gate Expand, Oracle Opening, Phoenix Opening, Archon Immortal, Archon Drop 

Get SALT Encoding   

  12  0:00  Probe  
  13  0:12  Probe  
  14  0:20  Pylon  
  14  0:25  Probe  
  15  0:34  Probe  
  15  0:40  Gateway  
  16  0:42  Probe  
  16  0:48  Assimilator  
  17  0:53  Probe  
  18  1:05  Probe  
  19  1:17  Probe  
  20  1:25  Nexus  
  20  1:36  Cybernetics Core  
  20  1:38  Probe  
  21  1:47  Assimilator  
  21  1:50  Probe  
  21  1:53  Pylon  
  22  2:02  Probe, Adept  
  23  2:14  Probe  
  26  2:19  Stargate  
  26  2:22  Probe  
  26  2:26  Adept  
  26  2:27  Warp Gate  
  27  2:30  Probe  
  30  2:39  Probe  
  30  2:41  Probe  
  32  2:51  Probe  
  32  2:53  Probe  
  34  2:59  Phoenix  
  34  3:04  Probe  
  38  3:05  Probe  
  38  3:11  Pylon  
  38  3:16  Probe  
  38  3:17  Probe  
  40  3:22  Gateway  
  40  3:25  Assimilator  
  40  3:27  Oracle  
  40  3:28  Probe  
  40  3:29  Probe  
  40  3:32  Assimilator  
  40  3:40  Probe  
  44  3:42  Probe  
  44  3:44  Robotics Facility  
  45  3:52  Probe  
  45  3:54  Probe  
  47  3:59  Twilight Council  
  47  4:04  Probe  
  47  4:06  Probe  
  49  4:10  Gateway  
  49  4:12  Gateway  
  49  4:16  Probe  
  50  4:18  Probe  
  50  4:23  Zealot  
  53  4:26  Pylon  
  53  4:29  Pylon  
  53  4:35  Warp Prism  
  53  4:42  Templar Archives  
  55  5:00  Probe  
  56  5:07  Probe  
  56  5:08  Pylon  
  56  5:10  Observer  
  57  5:14  Nexus  
  57  5:16  Probe  
  57  5:18  Pylon  
  57  5:19  Probe  
  60  5:28  Probe, Immortal  
  61  5:32  Probe  
  61  5:34  Forge  
  62  5:38  High Templar x4  
  62  5:40  Probe  
  62  5:42  Archon x2  
  75  5:44  Probe  
  75  5:48  Gateway  
  75  5:49  Gateway  
  76  5:52  Probe  
  76  5:55  Charge  
  76  5:56  Probe  
  78  5:58  Immortal  
  78  6:01  Pylon  
  78  6:04  Probe  
  78  6:09  Protoss Ground Weapons Level 1  
  83  6:18  Probe  
  83  6:19  Sentry x2  
  88  6:27  Probe x2, Gateway x2  
  90  6:37  Immortal  
  94  6:43  Probe x2  
  94  6:44  Probe  
  97  6:47  Assimilator  
  97  6:50  Pylon  
  97  6:52  Zealot x4, High Templar x2  
  109  6:58  Archon, Pylon  
  109  7:00  Pylon  
  112  7:08  Probe x3, Assimilator  
  112  7:10  Assimilator  
  112  7:11  Pylon  
  112  7:14  Pylon  
  112  7:17  High Templar  
  112  7:18  High Templar  
  112  7:19  Zealot x2  
  112  7:20  Probe  
  112  7:22  Probe, Archon, Pylon  
  122  7:23  Zealot  
  124  7:34  Pylon  
  124  7:40  Pylon x2  
  124  7:46  Zealot x6  
  124  7:49  Immortal  
  140  8:05  Stalker x2  
  142  8:06  Zealot  
  142  8:07  Zealot x5  
  145  8:28  Zealot x2  
  145  8:29  Stalker x3  
  145  8:31  Zealot x3  
  131  8:52  Zealot x5  
  131  8:53  Zealot x3  
Tags
 
Add a new tag
Caveats
  • Supply blocks, unpowered buildings, or Contaminate may cause inaccurate times.
  • Supply counts are checked every 10 seconds.